 Dungeon Crawl Stone Soup version 0.31-a0-234-gad7ace16ef (webtiles) character file.

Game seed: 2555855509808470600

334 Lavandula the Chiller (level 6, 0/32 HPs)
             Began as a Deep Elf Ice Elementalist on July 10, 2023.
             Engulfed by a cloud of steam (12 damage)
             ... on level 4 of the Dungeon.
             The game lasted 00:08:30 (3335 turns).

Lavandula the Chiller (Deep Elf Ice Elementalist)   Turns: 3335, Time: 00:08:31

Health: 0/32       AC:  6    Str: 11    XL:     6   Next: 27%
Magic:  3/16       EV: 27    Int: 22    God:
Gold:   92         SH:  0    Dex: 15    Spells: 4/15 levels left

rFire   . . .        o - +1 dagger (flame)
rCold   . . .        (no shield)
rNeg    . . .        a - +0 robe
rPois   .            (no helmet)
rElec   .            (no cloak)
rCorr   .            (no gloves)
SInv    .            (no boots)
Will    .....        f - amulet of the acrobat
Stlth   ++           h - +6 ring of strength
HPRegen 0.25/turn    x - +4 ring of protection
MPRegen 0.15/turn

%: acrobat
@: acrobatic
A: no striking features
a: no special abilities


You were on level 4 of the Dungeon.
You visited 1 branch of the dungeon, and saw 4 of its levels.

You collected 92 gold pieces.

Inventory:

Hand Weapons
 o - a +1 dagger of flaming (weapon)
Armour
 a - a +0 robe (worn)
 u - a +0 buckler
Magical Staves
 v - a staff of death
Jewellery
 f - an amulet of the acrobat (around neck)
 h - a +6 ring of strength (left hand)
 k - a ring of positive energy
 l - an amulet of faith
 x - a +4 ring of protection (right hand)
Wands
 r - a wand of digging (2)
Scrolls
 d - a scroll of fog {unknown}
 g - 2 scrolls of summoning
 i - a scroll of teleportation {unknown}
 j - a scroll of enchant armour {unknown}
 p - a scroll of vulnerability {unknown}
 q - a scroll of poison {unknown}
 s - a scroll of noise {unknown}
 w - a scroll of blinking {unknown}
 y - a scroll of amnesia {unknown}
Potions
 b - a potion of magic
 c - a potion of curing
 e - a potion of attraction
 m - a potion of haste {unknown}
 n - a potion of mutation {unknown}
 t - a potion of lignification {unknown}
 z - a potion of degeneration {unknown}


   Skills:
 - Level 2.4 Dodging
 - Level 2.4 Stealth
 - Level 5.3 Spellcasting
 + Level 3.1 Summonings
 - Level 6.5 Ice Magic


You had 4 spell levels left.
You knew the following spells:

 Your Spells              Type           Power      Damage    Failure   Level
a - Freeze                Ice            100%       1d10      1%          1
b - Frozen Ramparts       Ice            68%        1d11      1%          3
c - Summon Ice Beast      Ice/Summ       27%        N/A       13%         4
d - Ozocubu's Armour      Ice            34%        N/A       1%          3

Your spell library contained the following spells:

 Spells                   Type           Power      Damage    Failure   Level


Dungeon Overview and Level Annotations

Branches:
Dungeon (4/15)
 Temple: D:4-7

Altars:

Shops:
D:3 :   D:4 :

Annotations:
D:2 exclusion: 2 doors


Message History

Aim: a steam dragon (moderately wounded)
You freeze the steam dragon.
The steam dragon is heavily wounded.
The white imp resists.
The wall freezes the white imp.
The white imp hits you but does no damage.
The wall freezes the steam dragon!
The steam dragon breathes steam at you. The ball of steam hits you!
Your ice beast hits the white imp.
Your ice beast freezes the white imp.
The white imp resists.
Unknown command.
Casting: Freeze (safe; 1% risk of failure)
Confirm with . or Enter, or press ? or * to list all spells.
Aiming: Freeze (safe; 1% risk of failure)
Press: ? - help, Shift-Dir - straight line, f/p - steam dragon
Aim: a steam dragon (almost dead, catching its breath)
You freeze the steam dragon.
You kill the steam dragon!
You are engulfed in a cloud of scalding steam.
* * * LOW HITPOINT WARNING * * *
The wall freezes the white imp but does no damage.
The white imp hits you but does no damage.
Your ice beast hits the white imp but does no damage.
Your Summonings skill gained 3 levels and is now at level 3!
You have reached level 6!
Your frozen ramparts will break if you move.
Continue?
Okay, then.
Press: ? - help, v - describe, . - travel The floor.
There is a cloud of steam here.
Your frozen ramparts will break if you move.
Continue?
The frozen ramparts melt away as you move.
The white imp barely misses your ice beast.
Your ice beast hits the white imp.
Your ice beast freezes the white imp.
The white imp completely resists.
Unknown command.
You feel better.
The white imp closely misses your ice beast.
Your ice beast closely misses the white imp.
You are engulfed in a cloud of scalding steam.
You die...

### # #<# .# #.#
####.### #.######......#
#...........#.#
###########.####.#
######...........####.##
.....§§@..[...†.......>.
.[..##Y§#<#.(.......#..#
.?.....5†.....#####.#..#
.##.###.#.#...... #.#...
.......#.#...### #.##.#
.# .....#.#.#.#.. ..##.#
......#.#...#.######.#
..###.†$###.#.#.####.#
....#...#...#.#.......


You could see a white imp (ally target) and a friendly ice beast (summoned).

Vanquished Creatures
  A steam dragon (D:4)
  A scorpion (D:3)
  Terence (D:2)
  3 adders (D:2)
  A worm (D:2)
  5 dart slugs
  5 orcs (D:3)
  7 endoplasms
  4 giant cockroaches
  16 goblins
  5 hobgoblins (D:2)
  6 jackals
  3 quokkas
  7 ball pythons
  2 bats
  8 kobolds
  4 rats (D:3)
79 creatures vanquished.

Vanquished Creatures (others)
  A scorpion (D:4)
1 creature vanquished.

Grand Total: 80 creatures vanquished

Notes
Turn   | Place    | Note
-------+----------+-------------------------------------------
     0 | D:1      | Lavandula the Deep Elf Ice Elementalist began the quest for
                  | the Orb.
     0 | D:1      | Reached XP level 1. HP: 10/10 MP: 6/6
   182 | D:1      | Reached XP level 2. HP: 13/15 MP: 5/8
   523 | D:1      | Reached skill level 5 in Ice Magic
  1242 | D:2      | Reached XP level 3. HP: 16/19 MP: 5/9
  1246 | D:2      | Learned a level 3 spell: Frozen Ramparts
  1309 | D:2      | Noticed Terence
  1613 | D:2      | Reached XP level 4. HP: 23/24 MP: 9/12
  1662 | D:2      | Learned a level 4 spell: Summon Ice Beast
  2072 | D:2      | Killed Terence
  2073 | D:2      | Reached skill level 5 in Spellcasting
  2153 | D:3      | Learned a level 3 spell: Ozocubu's Armour
  2653 | D:3      | Reached XP level 5. HP: 28/28 MP: 14/14
  2772 | D:3      | Found Xaoguefa's Book Shop.
  2783 | D:3      | Reached skill level 6 in Ice Magic
  3296 | D:4      | Found Tueg's Book Shoppe.
  3315 | D:4      | Noticed a steam dragon
  3332 | D:4      | Killed a steam dragon
  3333 | D:4      | Reached XP level 6. HP: 6/32 MP: 3/16
  3335 | D:4      | Engulfed by a cloud of steam

Illustrated notes

Levels and vault maps discovered:
D:1:      heliophobic_arrival_dark_side_of_the_moon, layout_loops_cross,
          minmay_shallow_snake_nest
D:2:      layout_rooms, minmay_goblin_outpost, uniq_terence
D:3:      layout_loops_corners, serial_shops, shop, nicolae_hexahallways
D:4:      layout_basic, nicolae_overflow_two_pavilions, temple_hall,
          serial_shops, nicolae_shop_advertising_works
          [nicolae_subvault_shop_adworks], ebering_ghost_sewer_f

Skill      XL: |  1  2  3  4  5 |
---------------+----------------+-----
Ice Magic      | 5 6 |  6.5
Spellcasting   | 4 5 |  5.3
Summonings     | 3 |  3.1
Dodging        | |  2.4
Stealth        | |  2.4

Action                     |  1- 3 |  4- 6 || total
---------------------------+-------+-------++-------
  Melee: Unarmed           |     3 |       ||     3
         Dagger            |       |     9 ||     9
   Cast: Freeze            |    56 |    61 ||   117
         Frozen Ramparts   |       |     4 ||     4
         Summon Ice Beast  |       |     2 ||     2
    Use: Scroll            |       |     3 ||     3
         Potion            |       |     1 ||     1
   Stab: Sleeping          |       |     6 ||     6
 Armour: Robe              |     4 |    10 ||    14
  Dodge: Dodged            |    27 |    48 ||    75

Table legend: (Time is in decaauts)
 A = Elapsed time spent in this place.
 B = Non-inter-level travel time spent in this place.
 C = Inter-level travel time spent in this place.
 D = Time resting spent in this place.
 E = Time spent auto-exploring this place.
 F = Levels seen in this place.
 G = Mean time per level.
                   A        B        C        D        E       F      G
               +--------+--------+--------+--------+--------+-----+--------+
         Total |   3332 |   3279 |     53 |     18 |   2746 |   4 |  833.0 |
       Dungeon |   3332 |   3279 |     53 |     18 |   2746 |   4 |  833.0 |
               +--------+--------+--------+--------+--------+-----+--------+

Top non-repeatable levels by time:
     D:1: 1136 daAuts
     D:3: 1100 daAuts
     D:2: 1004 daAuts
     D:4: 91 daAuts
